 Dungeon Crawl Stone Soup version 0.24.0-10-g970556be89 (console) character file.

Game seed: 15481951432534268056, levelgen mode: deterministic

6605 AlterAsc the Carver (level 11, -15/68 HPs)
             Began as a Tengu Gladiator on Nov 3, 2019.
             Was a High Priest of Okawaru.
             Demolished by a gargoyle
             ... wielding a +0 morningstar
              (19 damage)
             ... on level 10 of the Dungeon.
             The game lasted 00:26:27 (9608 turns).

AlterAsc the Carver (Tengu Gladiator)               Turns: 9608, Time: 00:26:27

Health: -15/68     AC: 16    Str: 18    XL:     11   Next: 2%
Magic:  13/15      EV: 16    Int:  8    God:    Okawaru [*****.]
Gold:   471        SH: 11    Dex: 16    Spells: 10/10 levels left

rFire    . . .     SeeInvis .   a - +0 long sword
rCold    . . .     Gourm    .   N - +0 shield
rNeg     . . .     Faith    .   n - +2 chain mail {rPois}
rPois    +         Spirit   .   c - +1 hat
rElec    .         Reflect  .   g - +0 cloak
rCorr    .         Harm     .   (no gloves)
MR       .....                  (boots unavailable)
Stlth    +.........             V - amulet of regeneration
HPRegen  0.61/turn              A - ring of stealth
MPRegen  0.14/turn              C - +1 ring of protection

@: about to teleport, heroism, flying quickly and evasively, quick
A: beak, talons 3, able to fly
a: Stop Flying, Heroism, Finesse, Renounce Religion


You were on level 10 of the Dungeon.
You worshipped Okawaru.
Okawaru was extremely pleased with you.
You were completely stuffed.

You visited 2 branches of the dungeon, and saw 11 of its levels.

You collected 471 gold pieces.

Inventory:

Hand Weapons
 a - a +0 long sword (weapon)
 z - a +3 great sword of freezing
 F - a +1 scimitar of freezing
Missiles
 d - 7 throwing nets (quivered)
 k - 227 stones
 E - 21 boomerangs
 K - 3 silver boomerangs
 P - 5 silver javelins
Armour
 b - a +0 leather armour
 c - a +1 hat (worn)
 g - a +0 cloak (worn)
 n - a +2 chain mail of poison resistance (worn)
 D - a +1 chain mail of cold resistance
 N - a +0 shield (worn)
 R - a +0 leather armour
Jewellery
 o - an uncursed amulet of the gourmand
 A - a ring of stealth (left hand)
 C - a +1 ring of protection (right hand)
 I - an uncursed ring of wizardry
 M - an uncursed ring of poison resistance
 V - an amulet of regeneration (around neck)
 W - a -4 ring of intelligence
Wands
 s - a wand of random effects (12)
 x - a wand of polymorph (30)
 G - a wand of iceblast (5)
Scrolls
 h - 2 scrolls of remove curse
 i - 2 scrolls of immolation
 r - a scroll of magic mapping {unknown}
 t - a scroll of identify
 w - 3 scrolls of amnesia {unknown}
 y - 4 scrolls of noise
 B - 5 scrolls of teleportation
 S - a scroll of vulnerability {unknown}
 T - a scroll of fog {unknown}
 U - a scroll of random uselessness {unknown}
Potions
 e - 3 potions of brilliance
 j - 2 potions of haste {unknown}
 l - a potion of flight {unknown}
 m - 3 potions of curing {unknown}
 p - 2 potions of magic {unknown}
 q - a potion of ambrosia {unknown}
 u - 4 potions of heal wounds
 v - 2 potions of lignification {unknown}
 H - a potion of agility {unknown}
 J - 3 potions of mutation {unknown}
 L - a potion of resistance {unknown}
 O - a potion of might {unknown}
Comestibles
 f - 19 rations
 Q - 6 chunks of flesh


   Skills:
 + Level 7.7(12.7) Fighting
 * Level 11.8(16.8) Long Blades
 - Level 2.0(7.0) Throwing
 + Level 4.7(9.7) Armour
 + Level 8.8(13.8) Dodging
 + Level 2.5(7.5) Shields
 + Level 0.2 Invocations
 - Level 4.0 Evocations


You had 10 spell levels left.
You didn't know any spells.
Your spell library contained the following spells:

 Spells                   Type           Power        Failure   Level  Hunger
 Animate Skeleton         Necr           N/A          100%        1    ##.....
 Apportation              Tloc           #.....       100%        1    ##.....
 Confusing Touch          Hex            #.....       100%        1    ##.....
 Summon Small Mammal      Summ           #...         100%        1    ##.....


Dungeon Overview and Level Annotations

Branches:
Dungeon (10/15)            Temple (1/1) D:4            Lair (0/6) D:9
    Orc: D:9-12

Altars:
Ashenzari
Cheibriados
Dithmenos
Elyvilon
Fedhas
Gozag
Hepliaklqana
Kikubaaqudgha
Makhleb
Nemelex Xobeh
Okawaru
Qazlal
Ru
Sif Muna
Trog
Uskayaw
Vehumet
Wu Jian
Xom
Yredelemnul
Zin
The Shining One

Shops:
D:4 [[*   D:9 *

Annotations:
D:3 3 runed translucent doors, Descartes's ghost, weakling FeMo; Sigmund
D:10 3 runed translucent doors, diiiiiane's ghost, novice OpAs


Innate Abilities, Weirdness & Mutations

You have a beak for a mouth.
You have claws for feet.
You can fly continuously.


Message History

As you read the scroll of teleportation, it crumbles to dust.
You feel strangely unstable. You block the gargoyle's attack.
You hit the gargoyle but do no damage.
You claw the gargoyle, but do no damage.
The gargoyle is heavily damaged.
The gargoyle closely misses you.
You hit the gargoyle but do no damage.
You claw the gargoyle, but do no damage.
The gargoyle is heavily damaged.
You slash the gargoyle! Your kick misses the gargoyle.
The gargoyle is almost destroyed.
The gargoyle hits you with a +0 morningstar!
* * * LOW HITPOINT WARNING * * *
You hit the gargoyle but do no damage.
You claw the gargoyle, but do no damage.
The gargoyle is almost destroyed.
You hit the gargoyle but do no damage. Your kick misses the gargoyle.
The gargoyle is almost destroyed.
The gargoyle hits you with a +0 morningstar!!
You die...

....... ...... .....
#...# #...# #...#####
########.9..<....
........@...............
.......................#
########...............#
#...............#
#.......<.......#
######...............##
........................
........................
#####...########........


You could see a gargoyle.

Vanquished Creatures
  Harold (D:7)
  A cyclops (D:10)
  A troll (D:9)
  4 hippogriffs
  A human (D:9)
  Menkaure (D:6)
  A hungry ghost (D:8)
  A necrophage (D:5)
  3 ice beasts
  3 orc warriors
  2 sky beasts
  A phantom (D:8)
  4 ogres
  A crocodile (D:8)
  3 centaurs
  6 big kobolds (D:4)
  4 bullfrogs
  A gnoll sergeant (D:8)
  A wyvern zombie (D:7)
  A water moccasin skeleton (D:5)
  A scorpion (D:6)
  6 wights
  5 killer bees
  A howler monkey (D:6)
  2 crimson imps (D:5)
  A bullfrog zombie (D:8)
  2 bullfrog skeletons
  3 orc priests (D:6)
  Crazy Yiuf (D:2)
  A gnoll shaman (D:5)
  6 hounds
  Jessica (D:3)
  Terence (D:2)
  2 iguanas (D:5)
  5 orc wizards
  6 worker ants
  2 hound zombies (D:7)
  2 hound skeletons
  A worker ant zombie (D:8)
  13 gnolls
  10 adders
  A shadow imp (D:6)
  An ooze (D:6)
  An adder skeleton (D:8)
  3 worms
  A dart slug (D:2)
  5 leopard geckos
  25 orcs
  6 bats
  3 giant cockroaches
  10 goblins
  7 hobgoblins
  5 jackals
  4 quokkas
  8 frilled lizards
  46 kobolds
  A leopard gecko skeleton (D:5)
  A quokka skeleton (D:4)
  4 rats
245 creatures vanquished.

Notes
Turn   | Place    | Note
-------+----------+-------------------------------------------
     0 | D:1      | AlterAsc the Tengu Gladiator began the quest for the Orb.
     0 | D:1      | Reached XP level 1. HP: 12/12 MP: 2/2
   101 | D:1      | Reached XP level 2. HP: 12/17 MP: 3/3
   555 | D:1      | Reached skill level 4 in Long Blades
   555 | D:1      | Reached XP level 3. HP: 22/22 MP: 4/4
   787 | D:2      | Found a burning altar of Makhleb.
   792 | D:2      | Noticed Terence
   798 | D:2      | Killed Terence
   798 | D:2      | Reached XP level 4. HP: 27/27 MP: 5/5
   859 | D:2      | Found a sparkling altar of Nemelex Xobeh.
  1025 | D:2      | Found a runed translucent door.
  1026 | D:2      | Noticed Crazy Yiuf
  1406 | D:2      | Killed Crazy Yiuf
  1798 | D:3      | Gained mutation: You can fly continuously. [Tengu growth]
  1798 | D:3      | Reached XP level 5. HP: 16/32 MP: 6/6
  1803 | D:3      | Reached skill level 5 in Long Blades
  2469 | D:3      | Found a runed translucent gate.
  2470 | D:3      | Found a runed translucent gate.
  2471 | D:3      | Found a runed translucent gate.
  2471 | D:3      | Noticed Jessica
  2472 | D:3      | Found an opulent altar of Gozag.
  2473 | D:3      | Noticed Descartes's ghost (weakling FeMo)
  2478 | D:3      | Killed Jessica
  2489 | D:3      | Found a shattered altar of Ashenzari.
  2500 | D:3      | Reached XP level 6. HP: 23/37 MP: 7/7
  2831 | D:3      | Reached skill level 6 in Long Blades
  2947 | D:3      | Noticed Sigmund
  3066 | D:4      | Found a staircase to the Ecumenical Temple.
  3075 | Temple   | Entered the Ecumenical Temple
  3080 | Temple   | Reached skill level 5 in Dodging
  3185 | Temple   | Became a worshipper of Warmaster Okawaru
  3260 | D:4      | Found Rumi Qocs's Armour Shop.
  3358 | D:4      | Found Equem's Antique Armour Shop.
  3441 | D:4      | Noticed a sky beast
  3470 | D:4      | Killed a sky beast
  3470 | D:4      | Reached XP level 7. HP: 43/43 MP: 8/8
  3557 | D:4      | Found Buafaqa's General Store.
  3746 | D:4      | Reached * piety under Okawaru
  3746 | D:4      | Reached skill level 7 in Long Blades
  3853 | D:4      | Reached XP level 8. HP: 47/48 MP: 9/9
  3966 | D:4      | Reached ** piety under Okawaru
  3966 | D:4      | Reached skill level 5 in Fighting
  3966 | D:4      | Reached skill level 8 in Long Blades
  4307 | D:5      | Entered Level 5 of the Dungeon
  4467 | D:5      | Found a snail-covered altar of Cheibriados.
  4537 | D:5      | Found a shimmering blue altar of Sif Muna.
  4876 | D:6      | Reached skill level 9 in Long Blades
  4895 | D:6      | Reached skill level 1 in Evocations
  4964 | D:6      | Reached XP level 9. HP: 55/55 MP: 10/10
  5084 | D:6      | Reached *** piety under Okawaru
  5530 | D:6      | Noticed Menkaure
  5542 | D:6      | Killed Menkaure
  5807 | D:6      | Reached skill level 1 in Armour
  5811 | D:6      | Reached skill level 10 in Long Blades
  6046 | D:7      | Noticed Harold
  6102 | D:7      | Killed Harold
  6102 | D:7      | Reached **** piety under Okawaru
  6102 | D:7      | Received a gift from Okawaru
  6161 | D:6      | Reached XP level 10. HP: 45/61 MP: 13/13
  6164 | D:6      | Received a gift from Okawaru
  7556 | D:8      | Received a gift from Okawaru
  7556 | D:8      | Reached skill level 11 in Long Blades
  8328 | D:9      | Reached skill level 1 in Shields
  8350 | D:9      | Received a gift from Okawaru
  8371 | D:9      | Found Neeguj's Assorted Antiques.
  8439 | D:9      | Found a staircase to the Lair.
  8740 | D:9      | Reached ***** piety under Okawaru
  9021 | D:10     | Entered Level 10 of the Dungeon
  9031 | D:10     | Noticed a cyclops
  9047 | D:10     | Killed a cyclops
  9366 | D:10     | Found a runed translucent gate.
  9370 | D:10     | Reached XP level 11. HP: 68/68 MP: 15/15
  9371 | D:10     | Found a runed translucent gate.
  9372 | D:10     | Found a runed translucent gate.
  9394 | D:10     | Noticed diiiiiane's ghost (novice OpAs)
  9606 | D:10     | HP: 3/68 [gargoyle/+0 morningstar (11)]
  9608 | D:10     | Demolished by a gargoyle

Levels and vault maps discovered:
D:1:      saegor_arrival_simple_d, layout_rooms
D:2:      layout_basic, nemelex_xobeh_ov_fountains_minmay, bloody_makhleb,
          uniq_crazy_yiuf_cottage, uniq_terence
D:3:      layout_loops_ring, ebering_ghost_gozag, evilmike_ruin_ashenzari,
          uniq_sigmund, uniq_jessica
D:4:      minmay_goblin_kobold_castle, layout_basic, minmay_temple_entry_ruins,
          first_ration, serial_shops, shop, nicolae_shop_behind_doors,
          kennysheep_mini_moat
D:5:      layout_gridville, basic_altar, led_sif_pool
D:6:      layout_loops_ring, uniq_menkaure
D:7:      layout_basic, uniq_harold
D:8:      layout_loops_corners
D:9:      layout_loops_cross, lair_entry_dummy, serial_shops, kennysheep_mini,
          grunt_pizzeria
D:10:     layout_long_grid, gammafunk_ghost_icy
Temple:   kilobyte_greek_temple

Skill      XL: |  1  2  3  4  5  6  7  8  9 10 |
---------------+-------------------------------+-----
Long Blades    | 4 5 6 7 9 10 11 | 11.8
Dodging        | 4 5 6 7 8 |  8.8
Fighting       | 3 4 5 6 7 |  7.7
Evocations     | 1 3 4 |  4.0
Armour         | 2 4 |  4.7
Shields        | 2 |  2.5
Throwing       | |  2.0
Invocations    | |  0.2

Action                   |  1- 3 |  4- 6 |  7- 9 | 10-12 || total
-------------------------+-------+-------+-------+-------++-------
Melee: Long sword        |    48 |   134 |   307 |    66 ||   555
       Kick              |    13 |    40 |   118 |   109 ||   280
       Peck              |    11 |    25 |    68 |    59 ||   163
       Punch             |       |       |     1 |       ||     1
       Scimitar          |       |       |       |   126 ||   126
       Great sword       |       |       |       |    29 ||    29
Invok: Heroism           |       |       |     4 |     6 ||    10
 Abil: Fly               |       |       |     1 |       ||     1
  Use: Scroll            |       |     5 |       |     8 ||    13
 Stab: Sleeping          |     1 |       |       |       ||     1
  Eat: Chunk             |       |    12 |    15 |    13 ||    40
       Ration            |       |     1 |     1 |       ||     2
Armor: Leather armour    |     9 |       |       |       ||     9
       Chain mail        |       |    68 |   149 |    57 ||   274
Dodge: Dodged            |    31 |    51 |   179 |    89 ||   350
Block: Shield            |       |       |       |    39 ||    39
       Rpst.: Long sword |    10 |    12 |    44 |    12 ||    78
       Scimitar          |       |       |       |    10 ||    10
       Great sword       |       |       |       |     6 ||     6
